[Event "Early-Titled-Tuesday-Blitz-May-07-2024"]
[Site "Chess.com"]
[Date "2024.05.07"]
[Round "2"]
[White "MarijaKuznecova"]
[Black "yashami"]
[Result "1-0"]
[WhiteElo "2419"]
[BlackElo "731"]
[TimeControl "180+1"]
[EndTime "8:22:02 PDT"]
[Termination "MarijaKuznecova won by checkmate"]

1. e4 c5 2. Nf3 Nc6 3. d4 cxd4 4.
Nxd4 g6 5. Nc3 Bg7 6. Be3 Nf6 7. Bc4 O-O 8. Bb3 Re8 9. f3 e6 10. Qd2 d5 11. exd5 Nxd5 12. Nxd5 exd5 13. O-O-O Rxe3 14. Nxc6 Qe8 15. Nb4 Bh6 16. Nxd5 Kg7 17. Kb1 Re2 18. Qc3+ Qe5 19. Qxe5+ Rxe5 20. Nc7 Rb8 21. Rd8 Rc5 22.
Nd5 Bg5 23. Re8 b5 24. h4 Bf6 25. g4 Rb7 26. g5 Bd4 27. c3 Bf2 28. Nf6 Bf5+ 29.
Bc2 Rc8 30. Bxf5 Rxe8 31. Nxe8+ Kf8 32. Nd6 Rb6 33. Nc8 Rb8 34. Bh3 Bxh4 35. f4 Bg3 36.
Rf1 Kg7 37. Rf3 Bh4 38. Nd6 h6 39. gxh6+ Kxh6 40. Nxf7+ Kg7 41. Ne5 Rf8 42. Rf1 Bg3 43. Nxg6 Kxg6 44. Rg1 Rxf4 45. Rxg3+ Kf6 46. Kc2 Rf2+ 47.
Kb3 a5 48. Rg2 Rf3 49. Bg4 Rf4 50. Be2 b4 51. cxb4 axb4 52. a3 bxa3 53. bxa3 Ke5 54. a4 Kd6 55. Bc4 Kc5 56. Rc2 Kb6 57. Re2 Ka5 58.
Re5+ Kb6 59. Kb4 Rd4 60. Re6+ Ka7 61. a5 Rd7 62. Ra6+ Kb7 63. Rb6+ Ka7 64. Kb5 Rd1 65. Kc6 Rc1 66. Rb7+ Ka8 67. Rb4 Ka7 68. a6 Rb1 69.
Rxb1 Ka8 70. Kc7 Ka7 71. Kc6 Ka8 72. Rb6 Ka7 73. Rb7+ Ka8 74. Rh7 Kb8 75. a7+ Ka8 76. Rh8+ Kxa7 77. Kc5 Kb7 78. Bd5+ Ka6 79. Ra8# 1-0

[Event "Early-Titled-Tuesday-Blitz-May-07-2024"]
[Site "Chess.com"]
[Date "2024.05.07"]
[Round "2"]
[White "Kazmin_Semyon"]
[Black "GMKrikor"]
[Result "1/2-1/2"]
[WhiteElo "2589"]
[BlackElo "2850"]
[TimeControl "180+1"]
[EndTime "8:22:05 PDT"]
[Termination "Game drawn by repetition"]

1. d4 Nf6 2. c4 g6 3. Nc3 d5 4.
cxd5 Nxd5 5. e4 Nxc3 6. bxc3 Bg7 7. Nf3 c5 8. Bb5+ Nd7 9. O-O O-O 10. Rb1 Qc7 11. Be3 b6 12. Qd3 a6 13. Bxd7 Bxd7 14. d5 b5 15. c4 bxc4 16. Qa3 Rfc8 17. Rfc1 c3 18. Ne1 Bb5 19. Qb3 Rab8 20. Qc2 Bc4 21. Nd3 Rxb1 22. Rxb1 Qa5 23. Nxc5 Qxa2 24. Qxa2 Bxa2 25.
Rc1 Bc4 26. f3 a5 27. Kf2 Bb5 28. f4 a4 29. e5 f6 30. Bd4 fxe5 31. fxe5 Bc4 32.
Rxc3 Bxd5 33. Ra3 Bc6 34. Ke3 Ra8 35. Ne6 Bh6+ 36. Kd3 Bd5 37. Nc7 Rd8 38. Nxd5 Rxd5 39. Rxa4 Kf7 40. Ke4 Rd8 41. Ra6 Rb8 42. e6+ Kg8 43. Be5 Rc8 44. g4 Bf8 45. h4 Rc4+ 46.
Bd4 Rc8 47. h5 gxh5 48. gxh5 Bg7 49. Be3 Bf6 50. Ra2 Rc4+ 51. Kd5 Rc8 52. Rg2+ Kh8 53.
Ke4 Ra8 54. Kf5 Ra5+ 55. Ke4 Ra4+ 56. Kf3 Ra5 57. Rh2 Re5 58. h6 Rxe6 59. Rc2 Kg8 60. Rc8+ Kf7 61. Bf4 Kg6 62. Rg8+ Kf7 63. Ra8 Rc6 64.
Kg4 Kg6 65. Rg8+ Kf7 66. Ra8 Rc4 67. Kf5 Rc5+ 68. Ke4 Rb5 69. Ra7 Kg6 70. Ra8 Rb4+ 71.
Kf3 Kf5 72. Ra5+ e5 73. Bd2 Rb3+ 74. Ke2 Rh3 75. Ra7 Kg6 76. Ra6 Rh5 77. Kf3 Rh4 78.
Be3 Kf5 79. Ra7 Kg6 80. Ra6 Rh3+ 81. Ke4 Rh4+ 82. Kf3 1/2-1/2

[Event "Early-Titled-Tuesday-Blitz-May-07-2024"]
[Site "Chess.com"]
[Date "2024.05.07"]
[Round "2"]
[White "Kacparov"]
[Black "jinbojinbo"]
[Result "1/2-1/2"]
[WhiteElo "2910"]
[BlackElo "2624"]
[TimeControl "180+1"]
[EndTime "8:24:10 PDT"]
[Termination "Game drawn - insufficient material"]

1. e4 e5 2. Nf3 Nc6 3. Bc4 Bc5 4. c3 Nf6 5. d3 d6 6. Bb3 a6 7. Nbd2 Ba7 8. h3 O-O 9. Nf1 Ne7 10. Ng3 Ng6 11.
O-O c6 12. d4 d5 13. Bg5 dxe4 14. Nxe4 Bf5 15. Ng3 Be6 16. Bxe6 fxe6 17. dxe5 Qxd1 18.
Raxd1 Nd5 19. Ne4 h6 20. Bc1 Rad8 21. Rfe1 Ndf4 22. Rxd8 Rxd8 23. Bxf4 Nxf4 24. Kf1 Rd7 25. h4 Nd3 26. Rb1 Rd5 27. c4 Ra5 28. a3 Ra4 29. Rd1 Rxc4 30. Rxd3 Rxe4 31. Rd8+ Kh7 32. Rd7 Bb8 33.
Rxb7 Bxe5 34. g3 Bf6 35. Rb6 Rc4 36. b3 Rc2 37. Rxa6 Be7 38. b4 Bf6 39. g4 Bb2 40. a4 Ba3 41. b5 cxb5 42. axb5 Bc5 43. Ke1 Rxf2 44. Ne5 Rb2 45. Rxe6 Rxb5 46. h5 Bd4 47. Ng6 Rb8 48. Ke2 Bf6 49. Kf3 Kg8 50. Rc6 Kf7 51.
Rc7+ Kg8 52. Rc4 Kf7 53. Ke4 Kg8 54. Kf5 Re8 55. Kf4 Kh7 56. Kf3 Kg8 57. Nf4 Kh7 58.
Nd5 Bg5 59. Nc3 Bf6 60. Ne4 Rf8 61. Ke3 Re8 62. Rc6 Bg5+ 63. Kf3 Rf8+ 64. Kg3 Bf4+ 65.
Kg2 Be5 66. Re6 Bd4 67. Ng3 Bf6 68. Nf5 Ra8 69. Kf3 Ra3+ 70. Re3 Ra8 71. Rd3 Rb8 72. Ng3 Rf8 73. Ne4 Be5+ 74. Kg2 Re8 75. Nf2 Bf6 76. Rf3 Bg5 77. Nd3 Bf6 78. Nf4 Bg5 79. Ng6 Bf6 80.
Kg3 Rd8 81. Re3 Rc8 82. Kf3 Rd8 83. Ke4 Re8+ 84. Kd3 Rd8+ 85. Ke2 Rc8 86. Re4 Rd8 87. Kf3 Rc8 88. Kf4 Rd8 89. Kf5 Kg8 90. Ke6 Re8+ 91.
Kd5 Rxe4 92. Kxe4 Kf7 93. Kf5 Ba1 94. Nf4 Bb2 95. Ne6 Ba1 96. Nd8+ Ke7 97. Nc6+ Kf7 98. Nb4 Bb2 99. Nd3 Ba1 100. Nc5 Bb2 101. Ne4 Ba1 102. Nd6+ Ke7 103. Nc8+ Kf7 104. Nb6 Bb2 105. Nc4 Ba1 106. Ne3 Bb2 107. Nd5 Ba1 108. Nb4 Bb2 109. Nd3 Ba1 110. Nf4 Bb2 111. Ne6 Ba1 112. Nd8+ Ke7 113. Nc6+ Kf7 114. Na5 Bb2 115. Nb3 Bc3 116. Nc5 Ba1 117. Nd3 Bc3 118. Nf4 Ba1 119. Ne6 Bb2 120. g5 hxg5 121. Nxg5+ Kg8 122. Kg6 Ba1 123. Ne6 Bb2 124. Nf4 Ba1 125. Nd3 Bc3 126. Nc5 Ba1 127. Ne4 Bb2 128. Nd6 Ba1 129. Nf5 Bb2 130. Ne7+ Kf8 131. Nc6 Kg8 132. Nb4 Ba1 133. Nd3 Bc3 134. Nf2 Ba1 135. Ne4 Bb2 136. Ng5 Ba1 137. Nf7 Bb2 138. Nd6 Ba1 139. Kf5 Kh7 140. Ne4 Kh6 141. Ng3 Bc3 142. Kg4 Ba1 143. Nf5+ Kh7 144. Ne7 Bf6 145. Ng6 Ba1 146. Kg5 Bf6+ 147. Kf5 Ba1 148. Nf8+ Kh6 149. Kg4 Bb2 150. Ne6 g6 151. hxg6 Kxg6 1/2-1/2

[Event "Early-Titled-Tuesday-Blitz-May-07-2024"]
[Site "Chess.com"]
[Date "2024.05.07"]
[Round "2"]
[White "Evan_Attaker"]
[Black "jcibarra"]
[Result "1/2-1/2"]
[WhiteElo "2632"]
[BlackElo "2952"]
[TimeControl "180+1"]
[EndTime "8:24:24 PDT"]
[Termination "Game drawn - insufficient material"]

1. Nf3 d6 2. d4 Nf6 3. g3 g6 4.
Bg2 Bg7 5. O-O O-O 6. b3 b5 7. Nbd2 Bb7 8. c4 bxc4 9. bxc4 Nbd7 10. Rb1 Rb8 11. Qa4 Nb6 12. Qxa7 Ne4 13. Qa3 Nxd2 14. Bxd2 Nxc4 15. Qd3 Ba6 16. Rxb8 Qxb8 17. Bg5 Re8 18. Rb1 Qa7 19. Rc1 Ne5 20. Qe4 Nxf3+ 21. Bxf3 Bxd4 22.
Qc6 Bxf2+ 23. Kg2 Rc8 24. Bxe7 Be3 25. Rc3 Bc5 26. Bf6 Rb8 27. Qe4 Bb7 28. Qf4 Bxf3+ 29.
Rxf3 d5 30. Be7 f5 31. Qe5 Bxe7 32. Qxe7 Qb6 33. Rc3 Qd6 34. Qxd6 cxd6 35. Rc6 Rb2 36.
Kf3 Rxa2 37. Rxd6 Rd2 38. h4 Kg7 39. Rd7+ Kh6 40. Re7 Rd4 41. Rd7 Rd2 42. e3 Rd1 43. Ke2 Ra1 44. Rxd5 Kh5 45. Kf3 Rf1+ 46. Kg2 Re1 47.
Kf2 Ra1 48. Kf3 Ra4 49. Re5 h6 50. Rd5 Re4 51. Ra5 Rc4 52. Re5 Rb4 53. Rd5 Ra4 54. Re5 Ra7 55. Rd5 Rf7 56. e4 Rf6 57. exf5 gxf5 58.
Kf4 Kg6 59. Re5 Rf7 60. Rd5 Rf6 61. Rd4 Re6 62. Rc4 Rd6 63. Rb4 Rc6 64. Ra4 Rb6 65. Rd4 Ra6 66. Rc4 Kf6 67. Rb4 Rc6 68. Rd4 Rb6 69. Ra4 Rc6 70. Rb4 Kg6 71. Rd4 Rc1 72. Rd6+ Kh5 73. Kxf5 Rf1+ 74. Ke4 Rf7 75. Re6 Rf8 76. Ke3 Rf7 77. Re4 Rf1 78. Rf4 Ra1 79. Kf3 Ra3+ 80. Kg2 Rb3 81. Re4 Kg6 82. Kh3 h5 83.
Ra4 Rc3 84. Kg2 Rd3 85. Kf2 Rc3 86. Ra6+ Kg7 87. Ra5 Kg6 88. Rg5+ Kh6 89. Re5 Rd3 90.
Re6+ Kg7 91. Re3 Rd4 92. Kf3 Kf6 93. Re4 Rd1 94. Ra4 Rf1+ 95. Ke2 Rb1 96. Ra6+ Kf5 97.
Ra5+ Kg4 98. Rg5+ Kh3 99. Kf3 Rf1+ 100. Ke2 Rf8 101. Ke3 Rf7 102. Ke4 Rf1 103. Rxh5 Kxg3 104. Rh8 Kg4 105. h5 Re1+ 106. Kd5 Kg5 107. Kd6 Re2 108. Kd7 Re1 109. h6 Kg6 110. h7 Kg7 111. Re8 Rd1+ 112. Kc8 Kxh7 113. Re7+ Kg6 114. Rd7 Ra1 115. Rd2 Kf6 116. Kc7 Ke5 117. Kc6 Ra8 118. Kc7 Ra7+ 119. Kc6 Rh7 120. Rd1 Ke4 121. Rd2 Ke3 122. Rd7 Rh5 123. Rd8 Ke4 124. Rd7 Rh6+ 125. Kc5 Re6 126. Rd8 Re7 127. Rd1 Rc7+ 128. Kd6 Rc2 129. Ke7 Ke5 130. Re1+ Kf5 131. Rf1+ Ke5 132. Re1+ Kf5 133. Rf1+ Kg5 134. Rg1+ Kf4 135. Rf1+ Ke3 136. Re1+ Kd3 137. Re6 Rc7+ 138. Kf6 Ra7 139. Re1 Kd2 140. Re7 Ra5 141. Re5 Ra8 142. Re7 Kd3 143. Kf5 Kd4 144. Re1 Rf8+ 145. Kg6 Rf2 146. Re8 Kd5 147. Re1 Rg2+ 148. Kf7 Rf2+ 149. Kg6 Rf4 150. Re8 Re4 151. Rxe4 Kxe4 1/2-1/2

[Event "Early-Titled-Tuesday-Blitz-May-07-2024"]
[Site "Chess.com"]
[Date "2024.05.07"]
[Round "3"]
[White "Grandelicious"]
[Black "Journey_to_GrandMaster_YT"]
[Result "1-0"]
[WhiteElo "2893"]
[BlackElo "2537"]
[TimeControl "180+1"]
[EndTime "8:26:48 PDT"]
[Termination "Grandelicious won by checkmate"]

1. c4 d6 2. Nc3 e5 3. e3 Nf6 4. d4 Nbd7 5. Bd3 Be7 6. Nge2 O-O 7. O-O c6 8. b3 Re8 9. Bb2 Bf8 10. Ng3 a6 11. Qc2 b5 12. Rad1 Qc7 13. dxe5 dxe5 14.
Nce4 Nxe4 15. Nxe4 f5 16. Ng5 e4 17. cxb5 exd3 18.
Qc4+ Kh8 19. Nf7+ Kg8 20. Nh6+ Kh8 21. Qg8# 1-0

[Event "Early-Titled-Tuesday-Blitz-May-07-2024"]
[Site "Chess.com"]
[Date "2024.05.07"]
[Round "3"]
[White "dianamirza"]
[Black "N18player"]
[Result "0-1"]
[WhiteElo "1924"]
[BlackElo "2546"]
[TimeControl "180+1"]
[EndTime "8:26:53 PDT"]
[Termination "N18player won by resignation"]

1. d4 Nf6 2. Nf3 b6 3. e3 Bb7 4. Bd3 e6 5. b3 Be7 6. Bb2 O-O 7. Nbd2 d5 8. O-O c5 9. Ne5 Nc6 10. f4 Rc8 11. a3 Bd6 12. g4 Ne7 13. g5 Ne4 14. Nxe4 dxe4 15. Bc4 Nf5 16. Qe2 cxd4 17.
exd4 Bxe5 18. dxe5 b5 19. Rad1 Qb6+ 20. Kg2 0-1

[Event "Early-Titled-Tuesday-Blitz-May-07-2024"]
[Site "Chess.com"]
[Date "2024.05.07"]
[Round "3"]
[White "MiguelBestard1981"]
[Black "Valeron87"]
[Result "0-1"]
[WhiteElo "2174"]
[BlackElo "2461"]
[TimeControl "180+1"]
[EndTime "8:27:02 PDT"]
[Termination "Valeron87 won by checkmate"]

1. e4 c5 2. Nf3 Nc6 3. c3 d5 4.
exd5 Qxd5 5. d4 Bf5 6. Na3 cxd4 7.
Nb5 O-O-O 8. cxd4 e5 9. Nc3 Bb4 10. Bd2 Bxc3 11. Bxc3 exd4 12. Nxd4 Nxd4 13. Bxd4 Qxd4 14.
Rc1+ Kb8 15. Qf3 Qd2# 0-1

[Event "Early-Titled-Tuesday-Blitz-May-07-2024"]
[Site "Chess.com"]
[Date "2024.05.07"]
[Round "3"]
[White "ferdipy"]
[Black "cthake"]
[Result "1-0"]
[WhiteElo "2334"]
[BlackElo "1863"]
[TimeControl "180+1"]
[EndTime "8:27:06 PDT"]
[Termination "ferdipy won by resignation"]

1. e4 c5 2. d4 e6 3. c3 d5 4. e5 Nc6 5. Nf3 Bd7 6. a3 Qb6 7.
b4 cxb4 8. axb4 a6 9. Bd3 Nge7 10. O-O Ng6 11. Ng5 Be7 12. Nh3 O-O 13. f4 Nxd4 14. Be3 1-0

[Event "Early-Titled-Tuesday-Blitz-May-07-2024"]
[Site "Chess.com"]
[Date "2024.05.07"]
[Round "3"]
[White "moro182"]
[Black "Phuzer"]
[Result "1-0"]
[WhiteElo "2862"]
[BlackElo "2595"]
[TimeControl "180+1"]
[EndTime "8:27:37 PDT"]
[Termination "moro182 won by resignation"]

1. d4 d5 2. Bf4 Nf6 3. e3 c5 4. dxc5 Nc6 5. Bb5 a5 6. c3 e6 7. b4 Ne4 8. f3 Nf6 9. Ne2 Bd7 10. Qb3 b6 11. Bxc6 Bxc6 12. b5 Bd7 13. c6 Bc8 14. Nd2 Bd6 15. Bxd6 Qxd6 16. Rd1 O-O 17. O-O a4 18.
Qb4 Qxb4 19. cxb4 e5 20. a3 Bf5 21. Nb1 Bc2 22. Nbc3 Bb3 23. f4 exf4 24. Nxf4 Rfd8 25. Rd4 Bc4 26. Rfd1 Kf8 27. Nfxd5 Bxd5 28. Nxd5 Nxd5 29. Rxd5 1-0

[Event "Early-Titled-Tuesday-Blitz-May-07-2024"]
[Site "Chess.com"]
[Date "2024.05.07"]
[Round "3"]
[White "schackspelaren"]
[Black "Thjop"]
[Result "0-1"]
[WhiteElo "2372"]
[BlackElo "2583"]
[TimeControl "180+1"]
[EndTime "8:27:38 PDT"]
[Termination "Thjop won by resignation"]

1. d4 Nf6 2. c4 g6 3. Nc3 Bg7 4. e4 d6 5. f3 O-O 6. Be3 Nc6 7.
Qd2 a6 8. Nge2 Na5 9. b3 b5 10. cxb5 axb5 11. h4 Nxb3 12. axb3 Rxa1+ 13. Kf2 c6 14. g4 e5 15. h5 Bxg4 16. fxg4 Nxg4+ 17. Kg3 Nxe3 18. Qxe3 exd4 19. Nxd4 Qf6 20. Nce2 Rxf1 0-1

[Event "Early-Titled-Tuesday-Blitz-May-07-2024"]
[Site "Chess.com"]
[Date "2024.05.07"]
[Round "3"]
[White "SilverSwords13"]
[Black "manitodeplomo"]
[Result "1-0"]
[WhiteElo "2483"]
[BlackElo "2619"]
[TimeControl "180+1"]
[EndTime "8:27:56 PDT"]
[Termination "SilverSwords13 won by resignation"]

1. e4 Nc6 2. Nf3 d5 3. exd5 Qxd5 4. Nc3 Qh5 5. Be2 Bg4 6. O-O Nf6 7. h3 O-O-O 8.
hxg4 Nxg4 9. d3 Nd4 10. Bf4 f5 11. Nxd4 Rxd4 12. Bxg4 fxg4 13. Bg3 e5 14. Re1 Bd6 15.
Nb5 Rb4 16. Nxd6+ cxd6 17. Re4 Rxe4 18. dxe4 Rf8 19. Qxd6 1-0

[Event "Early-Titled-Tuesday-Blitz-May-07-2024"]
[Site "Chess.com"]
[Date "2024.05.07"]
[Round "3"]
[White "Mikasinski"]
[Black "secretsuperstar7"]
[Result "1-0"]
[WhiteElo "2651"]
[BlackElo "2478"]
[TimeControl "180+1"]
[EndTime "8:27:58 PDT"]
[Termination "Mikasinski won by resignation"]

1. e4 e5 2. Nf3 Nc6 3. Nc3 Nf6 4.
Bb5 a6 5. Bxc6 dxc6 6. Nxe5 Qe7 7. d4 c5 8. f4 cxd4 9. Qxd4 c5 10. Qa4+ b5 11. Nxb5 axb5 12. Qxa8 Qc7 13. Bd2 Bd6 14. Ba5 Qb7 15. Qxb7 Bxb7 16. O-O-O Bxe5 17. Rd8+ Ke7 18. fxe5 Rxd8 19. exf6+ 1-0

[Event "Early-Titled-Tuesday-Blitz-May-07-2024"]
[Site "Chess.com"]
[Date "2024.05.07"]
[Round "3"]
[White "DominguezOnYoutube"]
[Black "Irishchessman16"]
[Result "1-0"]
[WhiteElo "2964"]
[BlackElo "2541"]
[TimeControl "180+1"]
[EndTime "8:28:01 PDT"]
[Termination "DominguezOnYoutube won by resignation"]

1. e4 c5 2. Nf3 e6 3. d4 cxd4 4.
Nxd4 a6 5. a3 Nf6 6. Nc3 Nc6 7.
Nxc6 bxc6 8. e5 Nd5 9. Ne4 f5 10.
exf6 Nxf6 11. Nd6+ Bxd6 12. Qxd6 Ne4 13. Qd4 Nf6 14. Bf4 O-O 15. Bd6 Re8 16. O-O-O c5 17. Bxc5 Bb7 18. f3 Rc8 19. Bd3 Qc7 20. Bd6 Qa5 21.
Rhe1 Rc6 22. Be5 Rf8 23. Bxf6 Rxf6 24. Qxd7 Rf7 25. Qe8+ 1-0

[Event "Early-Titled-Tuesday-Blitz-May-07-2024"]
[Site "Chess.com"]
[Date "2024.05.07"]
[Round "3"]
[White "RodTwinkz"]
[Black "RantomOpening"]
[Result "1-0"]
[WhiteElo "2680"]
[BlackElo "2501"]
[TimeControl "180+1"]
[EndTime "8:28:15 PDT"]
[Termination "RodTwinkz won by resignation"]

1. e4 c5 2. Nc3 e6 3. f4 Nc6 4. Nf3 d5 5. e5 h5 6. Bb5 Ne7 7. O-O a6 8. Be2 Nf5 9. d3 b5 10. a3 g6 11. Qe1 Bb7 12. Bd1 Bg7 13. Ne2 d4 14. Ng3 Nce7 15. Ne4 Nd5 16. Nxc5 Bc6 17.
Ne4 Nde3 18. Bxe3 Nxe3 19. Nd6+ Ke7 20. Nxd4 Qb6 21. Qxe3 Rab8 22. Nxc6+ Qxc6 23. c3 Rhd8 24. d4 1-0

[Event "Early-Titled-Tuesday-Blitz-May-07-2024"]
[Site "Chess.com"]
[Date "2024.05.07"]
[Round "3"]
[White "margarita_2703"]
[Black "BardArtem"]
[Result "0-1"]
[WhiteElo "2318"]
[BlackElo "2790"]
[TimeControl "180+1"]
[EndTime "8:28:23 PDT"]
[Termination "BardArtem won by resignation"]

1. e4 c6 2. d4 d5 3. e5 Bf5 4. Ne2 e6 5. Ng3 Bg6 6. h4 h6 7. h5 Bh7 8. Bd3 Bxd3 9. cxd3 c5 10. dxc5 Bxc5 11. d4 Bf8 12. Be3 Nc6 13. Nc3 Rc8 14.
Qg4 a6 15. O-O Qd7 16. f4 f5 17. exf6 Nxf6 18. Qf3 Bb4 19. f5 O-O 20. fxe6 Qxe6 21. Nf5 Bxc3 22. bxc3 Ne4 23. g4 Nxc3 24. Bxh6 Ne2+ 25. Kh2 gxh6 26. Rae1 Ncxd4 27. Nxd4 Qd6+ 28. Kh3 Rxf3+ 29. Rxf3 Nxd4 0-1

[Event "Early-Titled-Tuesday-Blitz-May-07-2024"]
[Site "Chess.com"]
[Date "2024.05.07"]
[Round "3"]
[White "AnaKuchava"]
[Black "OppieZippy"]
[Result "1-0"]
[WhiteElo "2197"]
[BlackElo "2381"]
[TimeControl "180+1"]
[EndTime "8:28:23 PDT"]
[Termination "AnaKuchava won by resignation"]

1. d4 Nf6 2. Nf3 d5 3. c4 e6 4.
Nc3 c5 5. cxd5 exd5 6. Bg5 Nc6 7. e3 cxd4 8. Nxd4 Be7 9. Be2 O-O 10. O-O h6 11. Bh4 a6 12. Rc1 Ne5 13. h3 Re8 14. Qc2 Nc6 15. Rfd1 Ne4 16. Bxe7 Rxe7 17. Nxe4 Rxe4 18.
Nxc6 1-0

[Event "Early-Titled-Tuesday-Blitz-May-07-2024"]
[Site "Chess.com"]
[Date "2024.05.07"]
[Round "3"]
[White "Cipy77"]
[Black "Supergiuly"]
[Result "1-0"]
[WhiteElo "2578"]
[BlackElo "2351"]
[TimeControl "180+1"]
[EndTime "8:28:24 PDT"]
[Termination "Cipy77 won by resignation"]

1. d3 g6 2. Nf3 Nf6 3. g3 Bg7 4. Bg2 O-O 5. O-O c5 6. Nc3 Nc6 7. e4 e6 8. Be3 b6 9. e5 Ng4 10. Bf4 Rb8 11. Re1 Qc7 12. Nb5 Qd8 13. h3 Nh6 14.
Qd2 Nf5 15. c3 a6 16. Na3 b5 17. g4 Nfe7 18. Nc2 Nd5 19. Bh6 f6 20. Bxg7 Kxg7 21. Ne3 Nf4 22. Nf5+ exf5 23. Qxf4 fxg4 24.
exf6+ Rxf6 25. Qxg4 d5 26. Qg3 Bf5 27. Ne5 Nxe5 28.
Rxe5 d4 29. Rae1 dxc3 30. Re7+ Rf7 31. Qe5+ Kg8 32. Bd5 Qxe7 33. Qxe7 cxb2 34. Qxf7+ 1-0

[Event "Early-Titled-Tuesday-Blitz-May-07-2024"]
[Site "Chess.com"]
[Date "2024.05.07"]
[Round "3"]
[White "Honiex"]
[Black "ClauSanLuis"]
[Result "0-1"]
[WhiteElo "2566"]
[BlackElo "2401"]
[TimeControl "180+1"]
[EndTime "8:28:26 PDT"]
[Termination "ClauSanLuis won by resignation"]

1. Nc3 c5 2. Nf3 d6 3. d4 cxd4 4. Qxd4 Nc6 5. Qh4 e6 6. Bg5 Be7 7. Bxe7 Qxe7 8. Qg3 g6 9. O-O-O d5 10. e4 Nf6 11.
Bb5 O-O 12. Bxc6 bxc6 13. Rhe1 Nh5 14. Qe5 f6 15. Qd4 e5 16. Qc5 Qxc5 0-1

[Event "Early-Titled-Tuesday-Blitz-May-07-2024"]
[Site "Chess.com"]
[Date "2024.05.07"]
[Round "3"]
[White "Seochesspie"]
[Black "Lucky_Puncher"]
[Result "1-0"]
[WhiteElo "2849"]
[BlackElo "2534"]
[TimeControl "180+1"]
[EndTime "8:28:29 PDT"]
[Termination "Seochesspie won by resignation"]

1. c4 g6 2. d4 Bg7 3. Nc3 Nf6 4. e4 d6 5. h3 O-O 6. Be3 e5 7. d5 Na6 8. g4 Nc5 9. Qc2 a5 10. Nge2 h5 11. g5 Ne8 12. Rg1 c6 13. O-O-O cxd5 14. Nxd5 Kh8 15. Nec3 Ne6 16. Kb1 Nd4 17. Qd3 Be6 18. f4 Nf3 19. Bb6 Nxg1 20. Bxd8 Rxd8 21. Bg2 1-0

[Event "Early-Titled-Tuesday-Blitz-May-07-2024"]
[Site "Chess.com"]
[Date "2024.05.07"]
[Round "3"]
[White "Yerlan-Ra"]
[Black "GlavkonVVS"]
[Result "0-1"]
[WhiteElo "2481"]
[BlackElo "2657"]
[TimeControl "180+1"]
[EndTime "8:28:31 PDT"]
[Termination "GlavkonVVS won by resignation"]

1. e4 c5 2. c3 Nf6 3. e5 Nd5 4. d4 cxd4 5. Qxd4 e6 6. Nf3 Nc6 7. Qe4 d6 8. Bc4 dxe5 9. Nxe5 Nxe5 10. Qxe5 Qf6 11. Qe2 Nb6 12. Bb5+ Bd7 13. Nd2 Be7 14. Ne4 Qf5 15. Bxd7+ Nxd7 16. Ng3 Qd5 17. O-O O-O 18. Rd1 Qc6 19. Nf5 Bf6 20. Nd6 Rfd8 21. Bf4 Nc5 22.
Bg3 a5 23. Qb5 Rxd6 24. Qxc6 Rxc6 25. Rd7 Nxd7 0-1

[Event "Early-Titled-Tuesday-Blitz-May-07-2024"]
[Site "Chess.com"]
[Date "2024.05.07"]
[Round "3"]
[White "DanielDardha2005"]
[Black "Arhan_Anand"]
[Result "1-0"]
[WhiteElo "2882"]
[BlackElo "2621"]
[TimeControl "180+1"]
[EndTime "8:28:45 PDT"]
[Termination "DanielDardha2005 won by resignation"]

1. d4 Nf6 2. Bg5 d5 3. e3 h6 4.
Bxf6 exf6 5. c4 dxc4 6. Bxc4 Be7 7. Nc3 O-O 8. Qh5 Nc6 9. Nge2 f5 10. Nf4 Kh7 11. Bxf7 Bg5 12. Qg6+ Kh8 13. Nh5 Rxf7 14. Qxf7 Qe7 15. Qxe7 Nxe7 16. h4 Bf6 17. Nxf6 gxf6 18.
f3 Be6 19. Kf2 Rg8 20. Ne2 c6 21. Nf4 Bf7 22. h5 Rd8 23. Rac1 Kh7 24. a3 a6 25. Rc3 Rd7 26. b4 Kg7 27. Rb1 b5 28. Rbc1 Rd6 29.
Rc5 Kh7 30. Rd1 Kg7 31. e4 fxe4 32. fxe4 Rd7 33. g4 Kh7 34. Ke3 Kg7 35. Rdc1 Bc4 36.
R1xc4 bxc4 37. Rxc4 Rd6 38. Rc5 Kf7 39. Ra5 1-0

[Event "Early-Titled-Tuesday-Blitz-May-07-2024"]
[Site "Chess.com"]
[Date "2024.05.07"]
[Round "3"]
[White "Kotlyar_K"]
[Black "maurovargas01"]
[Result "1-0"]
[WhiteElo "2680"]
[BlackElo "1975"]
[TimeControl "180+1"]
[EndTime "8:28:52 PDT"]
[Termination "Kotlyar_K won by resignation"]

1. d4 d5 2. c4 e6 3. Nc3 c6 4.
e3 Nf6 5. Nf3 Bd6 6. Bd3 O-O 7.
O-O Nbd7 8. e4 dxe4 9. Nxe4 Bc7 10. Nxf6+ Nxf6 11. Qe2 Bd7 12. Bg5 h6 13. Bh4 g5 14.
Bg3 Bxg3 15. hxg3 Re8 16. Rad1 Qc8 17. Ne5 Nh5 18. Qxh5 1-0

[Event "Early-Titled-Tuesday-Blitz-May-07-2024"]
[Site "Chess.com"]
[Date "2024.05.07"]
[Round "3"]
[White "Nf3c5"]
[Black "Veleamater"]
[Result "1-0"]
[WhiteElo "2605"]
[BlackElo "2427"]
[TimeControl "180+1"]
[EndTime "8:28:56 PDT"]
[Termination "Nf3c5 won by resignation"]

1. e4 d6 2. d4 g6 3. Nc3 Bg7 4. Be3 Nf6 5. Qd2 a6 6. f3 b5 7. h4 Nc6 8. a3 e5 9. Nge2 exd4 10. Nxd4 Ne5 11. Be2 c5 12. Nb3 Nc4 13. Bxc4 bxc4 14. Nc1 Nh5 15. N1e2 Be5 16. g4 Ng3 17. Nxg3 Bxg3+ 18. Bf2 Bxf2+ 19. Qxf2 Bb7 20. O-O-O Rb8 21. Qg3 O-O 22.
Qxd6 Qa5 23. h5 Kg7 24. h6+ 1-0

[Event "Early-Titled-Tuesday-Blitz-May-07-2024"]
[Site "Chess.com"]
[Date "2024.05.07"]
[Round "3"]
[White "Byniolus"]
[Black "jlf287"]
[Result "1-0"]
[WhiteElo "2808"]
[BlackElo "2523"]
[TimeControl "180+1"]
[EndTime "8:29:01 PDT"]
[Termination "Byniolus won by resignation"]

1. d4 d5 2. Nf3 Nf6 3. Bf4 c5 4. c3 Nc6 5. Nbd2 cxd4 6. cxd4 Bf5 7. e3 e6 8. Qb3 a6 9. Qxb7 Na5 10. Qc7 Qxc7 11. Bxc7 Nc6 12. a3 Rc8 13. Bg3 Na7 14.
Bxa6 Rc2 15. b4 Be7 16. O-O O-O 17. Rfc1 Rxc1+ 18. Rxc1 Ra8 19. Nb3 Ne4 20. Bb7 Re8 21. Nc5 Nb5 22. Bc6 1-0

[Event "Early-Titled-Tuesday-Blitz-May-07-2024"]
[Site "Chess.com"]
[Date "2024.05.07"]
[Round "3"]
[White "OparinGrigoriy"]
[Black "mjray79"]
[Result "1-0"]
[WhiteElo "2985"]
[BlackElo "2732"]
[TimeControl "180+1"]
[EndTime "8:29:02 PDT"]
[Termination "OparinGrigoriy won by resignation"]

1. g3 e5 2. c4 Nf6 3. Bg2 g6 4. Nc3 Bg7 5. Nf3 Nc6 6. O-O O-O 7. d3 d5 8. cxd5 Nxd5 9. Bg5 Nde7 10. a3 Be6 11.
Rc1 h6 12. Bd2 f5 13. b4 Nd5 14. b5 Nd4 15. Nxd4 exd4 16. Nxd5 Bxd5 17. Bxd5+ Qxd5 18. Rxc7 Qxb5 19. Qc2 b6 20. Qa2+ Kh8 21. Rfc1 Rae8 22. Rxg7 Kxg7 23. Rc7+ Kh8 24. Bxh6 Rc8 25. Rxa7 Ra8 26.
Re7 Rae8 27. Bxf8 Rxf8 28. Qe6 1-0

[Event "Early-Titled-Tuesday-Blitz-May-07-2024"]
[Site "Chess.com"]
[Date "2024.05.07"]
[Round "3"]
[White "WilsonPalencia21"]
[Black "gurelediz"]
[Result "0-1"]
[WhiteElo "2541"]
[BlackElo "2944"]
[TimeControl "180+1"]
[EndTime "8:29:12 PDT"]
[Termination "gurelediz won by resignation"]

1. d4 e6 2. Nf3 Nf6 3. c4 Bb4+ 4. Nbd2 O-O 5. a3 Bxd2+ 6. Qxd2 d5 7. e3 b6 8. b3 Bb7 9. Bb2 Nbd7 10. Be2 c5 11. dxc5 Nxc5 12. Qc2 dxc4 13. Bxc4 Be4 14. Qc3 Rc8 15.
Rd1 Qe7 16. Ng5 Ba8 17. O-O b5 18. Bxb5 Qb7 19. f3 Qxb5 20. Qd4 h6 21. Qh4 hxg5 22.
Qxg5 e5 23. Bxe5 Ne6 24. Qg3 Nh5 0-1

[Event "Early-Titled-Tuesday-Blitz-May-07-2024"]
[Site "Chess.com"]
[Date "2024.05.07"]
[Round "3"]
[White "Kostukov_Alex"]
[Black "laiciffOneslraCsungaM"]
[Result "1-0"]
[WhiteElo "2372"]
[BlackElo "2316"]
[TimeControl "180+1"]
[EndTime "8:29:16 PDT"]
[Termination "Kostukov_Alex won by resignation"]

1. g3 c5 2. Bg2 g6 3. c4 Bg7 4. Nf3 Nc6 5. O-O e6 6. Nc3 Nge7 7. d4 Nxd4 8. Nxd4 cxd4 9. Nb5 Qb6 10. a4 a6 11. a5 Qc5 12. b4 Qxb4 13. Nc7+ Kd8 14. Nxa8 Qxc4 15. Nb6 Qb5 16. Ba3 d5 17. Rb1 Qxa5 18.
Bxe7+ Kxe7 19. Nxc8+ Rxc8 20. Rb2 b5 21. Qd2 Qxd2 22.
Rxd2 Kd6 23. Ra1 Rc6 24. Rb1 Rb6 25. Ra2 d3 26. exd3 Bc3 27. Kf1 a5 28. Ke2 b4 29.
Rxa5 b3 30. Ra3 1-0